 Seeded DCSS version 0.27-a0-931-g5a74e75d8f (webtiles) character file.

Game seed: 1918171615 (custom seed)

3440 Snicker the Covert (level 9, -12/67 HPs)
             Began as a Demonspawn Brigand on Apr 10, 2021.
             Was an Initiate of Gozag.
             Mangled by a blink frog (14 damage)
             ... on level 1 of the Lair of Beasts.
             The game lasted 00:17:42 (8531 turns).

Snicker the Covert (Demonspawn Brigand)             Turns: 8531, Time: 00:17:45

Health: -12/67     AC:  6    Str: 12    XL:     9   Next: 77%
Magic:  0/9        EV: 16    Int: 12    God:    Gozag
Gold:   527        SH:  8    Dex: 28    Spells: 8/8 levels left

rFire    . . .     SeeInvis .   a - +2 dagger
rCold    . . .     Faith    .   s - +1 buckler "Tenitsiq" {rElec rPois Dex+4}
rNeg     . . .     Spirit   +   b - +0 robe
rPois    +         Reflect  .   (helmet restricted)
rElec    +         Harm     .   o - scarf {shadows}
rCorr    .         Rampage  .   (no gloves)
Will     .....                  i - +1 pair of boots
Stlth    +++++.....             t - amulet of the acrobat
HPRegen  0.21/turn              x - +6 ring of dexterity
MPRegen  0.22/turn              (no ring)

@: lethally poisoned (-12 -> -27)
A: antennae 1, thin metallic scales 1, spiny 1, magic shield, magic regeneration
a: Renounce Religion, Potion Petition, Call Merchant, Bribe Branch


You were on level 1 of the Lair of Beasts.
You worshipped Gozag.
Gozag was pleased with you.
You visited 3 branches of the dungeon, and saw 13 of its levels.

You collected 657 gold pieces.
You paid 130 gold pieces to Gozag.

Inventory:

Hand Weapons
 a - a +2 dagger (weapon)
Missiles
 d - 25 poisoned darts (quivered)
Armour
 b - a +0 robe (worn)
 c - a +0 cloak
 i - a +1 pair of boots (worn)
 l - a +1 cloak of poison resistance
 o - a scarf of shadows (worn)
 s - the +1 buckler "Tenitsiq" (worn) {rElec rPois Dex+4}
   (You found it on level 4 of the Dungeon)

   It affects your dexterity (+4).
   It insulates you from electricity.
   It protects you from poison.
Jewellery
 f - an amulet of regeneration
 n - a ring of protection from cold
 t - an amulet of the acrobat (around neck)
 x - a +6 ring of dexterity (left hand)
 A - a ring of protection from cold
Wands
 z - a wand of iceblast (1)
 C - a wand of random effects (28)
Scrolls
 k - a scroll of identify
 r - a scroll of enchant armour
 v - a scroll of noise
 y - 2 scrolls of enchant weapon
Potions
 g - a potion of lignification {unknown}
 h - a potion of haste {unknown}
 j - a potion of flight
 m - a potion of might
 p - a potion of resistance {unknown}
 q - a potion of brilliance {unknown}


   Skills:
 + Level 4.8 Fighting
 * Level 7.9 Short Blades
 + Level 2.4 Throwing
 + Level 4.8 Dodging
 * Level 8.0 Stealth
 * Level 3.9 Shields
 + Level 0.5 Evocations


You had 8 spell levels left.
You didn't know any spells.
Your spell library contained the following spells:

 Spells                   Type           Power      Damage    Failure   Level
 Sandblast                Erth           0%         2d4       32%         1
 Passwall                 Tmut/Erth      0%         N/A       45%         2
 Stone Arrow              Conj/Erth      0%         3d7       69%         3
 Petrify                  Tmut/Erth      0%         N/A       97%         4
 Lee's Rapid Deconstruct  Erth           0%         3d5*      100%        5


Dungeon Overview and Level Annotations

Branches:
Dungeon (10/15)            Temple (1/1) D:4            Lair (2/6) D:10
  Swamp: Lair:2-4    Shoals: Lair:2-4     Snake: Lair:2-4    Spider: Lair:2-4
    Orc: D:9-12

Altars:
Ashenzari
Cheibriados
Dithmenos
Elyvilon
Fedhas
Gozag
Hepliaklqana
Kikubaaqudgha
Makhleb
Nemelex Xobeh
Qazlal
Ru
Sif Muna
Trog
Uskayaw
Vehumet
Xom
The Shining One

Shops:
D:10 =

Annotations:
D:8 2 transporters, snackwell's ghost, novice DgTm
D:9 Grum


Innate Abilities, Weirdness & Mutations

You have a pair of small antennae on your head.
You are partially covered in thin metallic scales. (AC +2)
You are partially covered in sharp spines.
When hurt, damage is shared between your health and your magic reserves.
You regenerate magic rapidly.


Message History

The black mamba is no longer distracted by gold.
The black mamba hisses angrily. x2
You hit the black mamba but do no damage.
The black mamba is almost dead.
You block the black mamba's attack. The black mamba misses you.
You closely miss the black mamba.
The black mamba is almost dead.
The black mamba is no longer distracted by gold.
The black mamba is struck by your spines.
You kill the black mamba!
Your Stealth skill increases to level 8!
You see here 5 gold pieces.
As you read the scroll of fear, it crumbles to dust.
You assume a fearsome visage.
The naga looks frightened!
The black mamba looks frightened!
The blink frog looks frightened!
The blink frog gives a loud, deep croak!
The blink frog blinks! x2
You now have 512 gold pieces (gained 19).
There are no items here.
You now have 522 gold pieces (gained 10).
Unknown command.
Unknown command.
You now have 527 gold pieces (gained 5).
There are no items here.
The black mamba misses you.
There is a stone staircase leading up here.
The black mamba is struck by your spines.
The black mamba bites you!
* * * LOW HITPOINT WARNING * * *
The black mamba bites you!
* * * LOW HITPOINT WARNING * * *
You are lethally poisoned!
The black mamba poisons you!
You climb upwards.
* * * LOW HITPOINT WARNING * * *
You feel extremely sick.
The blink frog is struck by your spines.
The blink frog hits you!
You die...
Your body crumbles into a pile of gold.

##.#.#.#.#.#.##
#.............#
###.#.#.#.#.#.P#
##.............##
#..#.#.#.#.#.#.##
#....(...........#
...#.#.#.#.#.####
......F.F......#
..#.#.#@#.#.#.##
.####...S.#####
###....## #.....##
##...F.# ##....###
##....## #
######.....#
..##..##....###


You could see a black mamba and 3 blink frogs.

Vanquished Creatures
  2 black mambas (Lair:2)
  A cane toad (Lair:1)
  A blink frog (Lair:2)
  2 yaks
  An acid dragon (D:10)
  2 water moccasins
  An orc warrior (D:10)
  A necrophage (D:4)
  A wolf (Lair:2)
  An ogre (D:5)
  2 centaurs (D:7)
  A bullfrog (Lair:1)
  Blork the orc (D:5)
  5 scorpions
  A wyvern skeleton (D:6)
  A howler monkey (D:8)
  A centaur zombie (D:7)
  A jelly (D:4)
  4 hounds
  A gnoll shaman (D:7)
  3 orc priests
  A bullfrog skeleton (D:5)
  An iguana (D:7)
  4 orc wizards
  A howler monkey zombie (D:9)
  3 howler monkey skeletons
  8 gnolls
  5 adders
  3 ufetubi
  14 orcs
  3 endoplasms
  6 giant cockroaches (D:1)
  3 goblins
  5 hobgoblins
  3 jackals (D:1)
  2 quokkas
  6 ball pythons
  4 bats
  5 frilled lizards
  6 kobolds
  4 rats
121 creatures vanquished.

Vanquished Creatures (collateral kills)
  2 wolves (Lair:2)
2 creatures vanquished.

Vanquished Creatures (others)
  3 fungi
  8 plants
11 creatures vanquished.

Grand Total: 134 creatures vanquished

Notes
Turn   | Place    | Note
-------+----------+-------------------------------------------
     0 | D:1      | Snicker the Demonspawn Brigand began the quest for the Orb.
     0 | D:1      | Reached XP level 1. HP: 16/16 MP: 1/1
   104 | D:1      | Reached skill level 1 in Dodging
   164 | D:1      | Gained mutation: You have a pair of small antennae on your
                  | head. [demonic ancestry]
   164 | D:1      | Reached XP level 2. HP: 22/22 MP: 2/2
   224 | D:1      | Reached skill level 4 in Stealth
   306 | D:1      | Found a faded altar of an unknown god.
  1160 | D:2      | Reached XP level 3. HP: 25/27 MP: 3/3
  2434 | D:3      | Gained mutation: You regenerate magic rapidly. [demonic
                  | ancestry]
  2434 | D:3      | Reached XP level 4. HP: 25/33 MP: 4/4
  2491 | D:4      | Noticed a scorpion
  2499 | D:4      | Killed a scorpion
  2500 | D:4      | Reached XP level 5. HP: 34/39 MP: 5/5
  2555 | D:4      | Noticed a necrophage
  2578 | D:4      | Killed a necrophage
  2581 | D:4      | Found a staircase to the Ecumenical Temple.
  2593 | Temple   | Entered the Ecumenical Temple
  2892 | D:4      | Reached skill level 5 in Stealth
  3132 | D:4      | Gained mutation: You are partially covered in sharp spines.
                  | [demonic ancestry]
  3132 | D:4      | Reached XP level 6. HP: 3/46 MP: 6/6
  3132 | D:4      | HP: 2/46 [poisoned by a scorpion]
  3460 | D:4      | Identified the +1 buckler "Tenitsiq" {rElec rPois Dex+4}
  4167 | D:5      | Entered Level 5 of the Dungeon
  4250 | D:5      | Gained mutation: When hurt, damage is shared between your
                  | health and your magic reserves. [demonic ancestry]
  4250 | D:5      | Reached XP level 7. HP: 52/52 MP: 7/7
  4545 | D:5      | Reached skill level 5 in Short Blades
  4906 | D:5      | Noticed Blork the orc
  4913 | D:5      | Killed Blork the orc
  4994 | D:5      | Found a snail-covered altar of Cheibriados.
  5041 | D:5      | Reached skill level 1 in Shields
  5100 | D:5      | Reached skill level 6 in Stealth
  5154 | D:6      | Found a stormy altar of Qazlal.
  5226 | D:6      | Noticed a steam dragon
  5436 | D:6      | Gained mutation: You are partially covered in thin metallic
                  | scales. (AC +2) [demonic ancestry]
  5436 | D:6      | Reached XP level 8. HP: 30/60 MP: 4/8
  6186 | D:7      | Found an opulent altar of Gozag.
  6186 | D:7      | Found a broken altar of Ashenzari.
  6212 | D:7      | Became a worshipper of Gozag Ym Sagoz the Greedy
  6892 | D:8      | Found a transporter.
  6892 | D:8      | Noticed snackwell's ghost (novice DgTm)
  7001 | D:8      | Noticed a moth of wrath
  7019 | D:8      | Found a transporter.
  7321 | D:9      | Noticed Grum
  7322 | D:10     | Entered Level 10 of the Dungeon
  7643 | D:10     | Found Edet's Jewellery Emporium.
  7965 | D:10     | Found a staircase to the Lair.
  8070 | D:10     | Reached XP level 9. HP: 32/66 MP: 6/9
  8073 | Lair:1   | Entered Level 1 of the Lair of Beasts
  8297 | Lair:1   | Noticed a cane toad
  8304 | Lair:1   | Killed a cane toad
  8305 | Lair:1   | Reached skill level 7 in Stealth
  8416 | Lair:1   | Noticed a black mamba
  8463 | Lair:2   | Noticed a black mamba
  8487 | Lair:2   | Noticed a black mamba
  8488 | Lair:2   | Killed a black mamba
  8493 | Lair:2   | Noticed a black mamba
  8496 | Lair:2   | Killed a black mamba
  8497 | Lair:2   | Reached skill level 8 in Stealth
  8531 | Lair:1   | HP: 2/67 [poisoned by a black mamba]
  8531 | Lair:1   | Mangled by a blink frog

Illustrated notes

Levels and vault maps discovered:
D:1:      mrwooster_arrival_statue, layout_basic, shapermc_ecumenical_altar_gd,
          minmay_worlds_worst_comb
D:2:      layout_loops_corners
D:3:      layout_basic
D:4:      layout_loops_corners, minmay_temple_entry_statues_fountains,
          serial_forest, infiniplex_forest_lined_4_way,
          infiniplex_forest_straight_2, infiniplex_forest_clump_curved,
          infiniplex_forest_end_3, infiniplex_forest_end_3,
          infiniplex_forest_lined_ring, infiniplex_forest_lined_2,
          infiniplex_forest_end_3, infiniplex_forest_straight_5
D:5:      layout_rooms, lemuel_doored_altar, elyvilon_altar_4,
          guppyfry_early_lair_pool, uniq_blork_the_orc
D:6:      layout_basic, nicolae_qazlal_eye_of_the_storm,
          kennysheep_decorative_pillar
D:7:      layout_basic, gammafunk_temple_overflow_pools,
          serial_co_window_serial, co_window_of_opportunity_a,
          co_window_paths_a, co_window_corner_a, co_window_paths_b,
          co_window_corner_a, co_window_unsneaky_path_d,
          co_window_unsneaky_path_b, co_window_broadway_b, co_window_broadway_a,
          co_window_of_opportunity_b, co_window_unsneaky_path_d,
          glass_columns_a, glass_columns_b
D:8:      layout_basic, gammafunk_ghost_berserking_beasts,
          hangedman_decor_riveting, minmay_misc_feat_encased, uniq_maurice
D:9:      layout_basic, serial_glass, glass_columns_c, glass_columns_b,
          dk_rats_in_the_wall, uniq_harold, uniq_grum, uniq_erolcha
D:10:     layout_roguey, pdpol_wu_jian_five_deadly_venoms, minitemple,
          lair_entry_dummy, serial_shops, nicolae_shop_waterfront,
          minivault_25_ag, minmay_holes
Temple:   oiseaux_autumnal_temple
Lair:1:   layout_concentric_octagons, st_stairs_10,
          chequers_serial_rivers_small_a, minmay_lair_oklob_chamber
Lair:2:   layout_small_grid, guppyfry_snake_entry_garden, lemuel_fruit_fields

Skill      XL: |  1  2  3  4  5  6  7  8  9 |
---------------+----------------------------+-----
Short Blades   | 2 3 4 5 7 |  7.9
Dodging        | 1 2 3 4 |  4.8
Stealth        | 4 5 6 8 |  8.0
Fighting       | 3 4 |  4.8
Shields        | 1 3 |  3.9
Throwing       | 2 |  2.4
Evocations     | |  0.5

Action                   |  1- 3 |  4- 6 |  7- 9 || total
-------------------------+-------+-------+-------++-------
Melee: Dagger            |   147 |    94 |   250 ||   491
Throw: Dart              |       |     4 |     6 ||    10
Evoke: Wand              |       |       |     8 ||     8
  Use: Potion            |       |       |     8 ||     8
       Scroll            |       |       |    12 ||    12
 Stab: Sleeping          |    11 |     5 |    12 ||    28
       Distracted        |       |       |     1 ||     1
       Fleeing           |       |       |     1 ||     1
Armor: Robe              |    41 |     9 |    27 ||    77
Dodge: Dodged            |    90 |    35 |   164 ||   289
Block: Buckler           |       |    12 |    66 ||    78

Table legend: (Time is in decaauts)
 A = Elapsed time spent in this place.
 B = Non-inter-level travel time spent in this place.
 C = Inter-level travel time spent in this place.
 D = Time resting spent in this place.
 E = Time spent auto-exploring this place.
 F = Levels seen in this place.
 G = Mean time per level.
                   A        B        C        D        E       F      G
               +--------+--------+--------+--------+--------+-----+--------+
         Total |   8445 |   8178 |    267 |   1170 |   5493 |  13 |  649.6 |
       Dungeon |   7697 |   7467 |    230 |   1018 |   5105 |  10 |  769.7 |
        Temple |    293 |    256 |     37 |      0 |    252 |   1 |  293.0 |
          Lair |    453 |    453 |      0 |    152 |    136 |   2 |  226.5 |
               +--------+--------+--------+--------+--------+-----+--------+

Top non-repeatable levels by time:
     D:4: 1703 daAuts
     D:7: 1412 daAuts
     D:1: 1025 daAuts
     D:5: 774 daAuts
     D:2: 736 daAuts
    D:10: 733 daAuts
     D:3: 680 daAuts
  Lair:1: 356 daAuts
  Temple: 293 daAuts
     D:8: 239 daAuts
     D:6: 209 daAuts
     D:9: 182 daAuts
  Lair:2: 97 daAuts
